 Dungeon Crawl Stone Soup version 0.29.0-15-g675c0067aa (webtiles) character file.

Game seed: 10451497303605558123

3052 qw the Cleaver (level 9, -1/55 HPs)
             Began as a Gargoyle Fighter on Sept 12, 2022.
             Slain by a two-headed ogre
             ... wielding a +0 giant club
              (22 damage)
             ... on level 8 of the Dungeon.
             The game lasted 00:03:05 (9271 turns).

qw the Cleaver (Gargoyle Fighter)                   Turns: 9271, Time: 00:03:05

Health: -1/55      AC: 21    Str: 28    XL:     9   Next: 87%
Magic:  9/9        EV:  9    Int:  9    God:
Gold:   264        SH:  9    Dex:  9    Spells: 8/8 levels left

rFire   . . .      SeeInvis .   Y - +3 war axe
rCold   x . .      Faith    .   i - +0 kite shield
rNeg    + . .      Spirit   .   c - quicksilver dragon scales of Untold Secrets {rPois rC- Will+ Regen+ Str+4}
rPois   inf        Reflect  .   g - +0 helmet
rElec   +          Harm     .   b - +0 cloak
rCorr   .          Rampage  .   (no gloves)
Will    +....                   j - +0 pair of boots
Stlth   ..........              (no amulet)
HPRegen 0.98/turn               (no ring)
MPRegen 0.11/turn               (no ring)

@: no status effects
A: sickness immunity, AC +6, negative energy resistance 1, electricity
resistance, torment resistance 1, petrification resistance, sense surroundings 1
a: no special abilities


You were on level 8 of the Dungeon.
You visited 2 branches of the dungeon, and saw 9 of its levels.

You collected 264 gold pieces.


Innate Abilities, Weirdness & Mutations

You are immune to sickness and miasma.
Your stone body is resilient. (AC +6)
You are immune to poison.
You resist negative energy. (rN+)
You are resistant to electric shocks. (rElec)
You are resistant to unholy torment.
You are immune to petrification.
You passively map a small area around you.


   Skills:
 + Level 6.1 Fighting
 - Level 9.0 Axes
 - Level 1.6 Throwing
 - Level 5.3 Armour
 - Level 1.2 Dodging
 - Level 8.0 Shields


You had 8 spell levels left.
You didn't know any spells.
Your spell library was empty.

Inventory:

Hand Weapons
 f - a +0 morningstar of protection
 Y - a +3 war axe (weapon)
Missiles
 q - 7 boomerangs (quivered)
Armour
 b - a +0 cloak (worn)
 c - the quicksilver dragon scales of Untold Secrets (worn) {rPois rC- Will+ Regen+ Str+4}
   (You found it on level 7 of the Dungeon)

   Str:       It affects your strength (+4).
   rC:        It makes you vulnerable to cold.
   rPois:     It protects you from poison.
   Regen:     It increases your rate of health regeneration.
   Will:      It increases your willpower.
 e - a +0 plate armour
 g - a +0 helmet (worn)
 i - a +0 kite shield (worn)
 j - a +0 pair of boots (worn)
Scrolls
 r - a scroll of identify
Potions
 a - a potion of cancellation
 d - 6 potions of might
 h - a potion of heal wounds
 k - a potion of curing {unknown}
 m - a potion of brilliance {unknown}
 n - a potion of lignification
 o - 2 potions of mutation
 p - a potion of haste {unknown}

Dungeon Overview and Level Annotations

Branches:
Dungeon (8/15)             Temple (1/1) D:7
   Lair: D:8-11

Altars:
Ashenzari
Cheibriados
Dithmenos
Fedhas
Gozag
Kikubaaqudgha
Makhleb
Nemelex Xobeh
Ru
Sif Muna
Trog
Uskayaw
Xom
Zin


Message History

A two-headed ogre comes into view. It is wielding two +0 giant clubs.
The two-headed ogre shouts in stereo!
You hear a shout!
You slash the two-headed ogre!
The two-headed ogre is lightly wounded.
The two-headed ogre hits you with a +0 giant club.
The two-headed ogre hits you but does no damage.
You hit the two-headed ogre.
The two-headed ogre is moderately wounded.
The two-headed ogre hits you with a +0 giant club.
The two-headed ogre barely misses you.
You barely miss the two-headed ogre.
The two-headed ogre is moderately wounded.
You slash the two-headed ogre!
The two-headed ogre is heavily wounded.
The two-headed ogre hits you with a +0 giant club!
You block the two-headed ogre's attack.
An orc comes into view. It is wielding a +0 whip.
You barely miss the two-headed ogre.
The two-headed ogre is heavily wounded.
The two-headed ogre barely misses you. x2
You hit the two-headed ogre.
The two-headed ogre is heavily wounded.
The two-headed ogre hits you with a +0 giant club!!
The two-headed ogre barely misses you.
You barely miss the two-headed ogre.
The two-headed ogre is heavily wounded.
The two-headed ogre hits you with a +0 giant club.
The two-headed ogre closely misses you.
You hit the two-headed ogre.
The two-headed ogre is heavily wounded.
You hit the two-headed ogre.
The two-headed ogre is severely wounded.
The two-headed ogre barely misses you. You block the two-headed ogre's attack.
The orc hits you with a +0 whip.
You slash the two-headed ogre!
The two-headed ogre is almost dead.
You closely miss the orc.
The two-headed ogre hits you with a +0 giant club.
The two-headed ogre hits you with a +0 giant club!!
You die...

, ......
#...........####
,......##....)))........
, ,*
..............##.......
, ,,
...............#.......
*
.....(.........<)......
....#..)...............
* *
.......)..........##...
##.................., .
#......@o....#....... ,
#....##O.....#........,
, #...?.
................ **
.............#...#.#.##
, ,##..........##.. *
#..........# ,
....<..[.# * ,,
........... ,, , * , ,


You could see a two-headed ogre and an orc.

Vanquished Creatures
  Pikel (D:7)
  2 water moccasins
  An orc warrior (D:6)
  2 sky beasts
  2 black bears
  An ice beast (D:6)
  2 ogres
  A bullfrog (D:6)
  A gnoll sergeant (D:7)
  A kobold brigand (D:7)
  4 scorpions
  2 wights (D:8)
  A howler monkey (D:4)
  2 vampire bats (D:7)
  2 jellies
  2 hounds
  11 orc priests
  An iguana (D:5)
  8 orc wizards
  17 gnolls
  An adder (D:5)
  2 white imps
  An ufetubus (D:4)
  6 worms
  4 dart slugs
  23 orcs
  2 bat skeletons (D:7)
  2 bat zombies (D:7)
  6 endoplasms
  4 giant cockroaches
  13 goblins
  7 hobgoblins
  14 kobolds
  7 quokkas
  7 ball pythons
  7 bats
  6 rats
176 creatures vanquished.

Vanquished Creatures (others)
  3 fungi
  3 plants (D:1)
6 creatures vanquished.

Grand Total: 182 creatures vanquished

Notes
Turn   | Place    | Note
-------+----------+-------------------------------------------
     0 | D:1      | qw the Gargoyle Fighter began the quest for the Orb.
     0 | D:1      | Reached XP level 1. HP: 14/14 MP: 1/1
     0 | D:1      | 0 ||| qw: Version: 0.1-a-119-g272c26d
     0 | D:1      | 0 ||| qw: Game counter: 10970
     0 | D:1      | 0 ||| qw: Always use a shield: true
     0 | D:1      | 0 ||| qw: God list: Okawaru
     0 | D:1      | 0 ||| qw: Allow faded altars: false
     0 | D:1      | 0 ||| qw: Do Orc after D:15 true
     0 | D:1      | 0 ||| qw: Do second Lair branch before Depths: true
     0 | D:1      | 0 ||| qw: Lair rune preference: random
     0 | D:1      | 0 ||| qw: Plans: Normal, Zot, God:TSO, Crypt, Tomb, Pan,
                  | Slime, Hells, Zig, Abyss, Orb
     0 | D:1      | 0 ||| PLANNING D:1-11
    22 | D:1      | 22 ||| Stepping ~*~*~tactically~*~*~ (stealth).
    31 | D:1      | 31 ||| Stepping ~*~*~tactically~*~*~ (hiding).
    35 | D:1      | HP: 3/14 [kobold/+0 whip (3)]
    37 | D:1      | Reached skill level 2 in Axes
   335 | D:1      | Reached XP level 2. HP: 9/19 MP: 2/2
   669 | D:1      | 669 ||| READING 2 scrolls labelled DASTRY JOYGOM.
   838 | D:1      | Reached skill level 3 in Axes
   922 | D:1      | Found a faded altar of an unknown god.
   937 | D:1      | Reached XP level 3. HP: 23/23 MP: 3/3
  1345 | D:1      | 1345 ||| Stepping ~*~*~tactically~*~*~ (hiding).
  1729 | D:1      | 1729 ||| UPGRADING to +0 kite shield.
  1739 | D:1      | 1739 ||| DROPPING +0 buckler.
  1740 | D:1      | 1740 ||| UPGRADING to +0 pair of boots.
  1745 | D:1      | 1745 ||| UPGRADING to +0 chain mail.
  1755 | D:1      | 1755 ||| DROPPING +0 scale mail.
  1756 | D:1      | 1756 ||| DROPPING ring of wizardry.
  1757 | D:1      | 1757 ||| READING scroll labelled MYITOR BOKLEE.
  1758 | D:1      | 1758 ||| READING scroll labelled OCWATZ FAD GUA.
  1761 | D:1      | 1761 ||| READING scroll labelled AJAOMAGOSHA.
  1762 | D:1      | 1762 ||| DROPPING scroll of immolation.
  2538 | D:2      | 2538 ||| UPGRADING to +0 helmet.
  2543 | D:2      | 2543 ||| READING scroll labelled RIUXKURRAU.
  2544 | D:2      | 2544 ||| READING scroll labelled PESTUH KUNGI.
  2545 | D:2      | 2545 ||| DRINKING 2 golden potions.
  2732 | D:3      | Reached XP level 4. HP: 28/28 MP: 4/4
  2748 | D:3      | Identified the +9 flail of Sunlight {vorpal, rF+ rN+ Int+4}
  2750 | D:3      | 2750 ||| DROPPING +0 whip.
  2757 | D:3      | 2757 ||| Stepping ~*~*~tactically~*~*~ (stealth).
  2904 | D:3      | 2904 ||| Stepping ~*~*~tactically~*~*~ (stealth).
  3128 | D:3      | Reached skill level 4 in Axes
  3129 | D:3      | HP: 7/28 [gnoll/+0 flail (2)]
  3129 | D:3      | HP: 2/28 [gnoll/+0 flail (4)]
  3130 | D:3      | 3130 ||| READING scroll of teleportation.
  3133 | D:3      | Reached XP level 5. HP: 2/32 MP: 5/5
  3766 | D:3      | 3766 ||| READING scroll labelled AMAPOACWEJ.
  3767 | D:3      | 3767 ||| READING scroll labelled DESUIFFOAMU.
  3768 | D:3      | 3768 ||| DRINKING 2 grey potions.
  3769 | D:3      | 3769 ||| DROPPING potion of flight.
  3941 | D:4      | 3941 ||| Stepping ~*~*~tactically~*~*~ (stealth).
  4006 | D:4      | 4006 ||| Stepping ~*~*~tactically~*~*~ (stealth).
  4083 | D:4      | 4083 ||| Stepping ~*~*~tactically~*~*~ (stealth).
  4252 | D:4      | 4252 ||| READING scroll of enchant weapon.
  4252 | D:4      | 4252 ||| ENCHANTING +1 war axe.
  4272 | D:4      | Noticed an ogre
  4283 | D:4      | Killed an ogre
  4284 | D:4      | Reached skill level 5 in Axes
  4284 | D:4      | Reached XP level 6. HP: 24/37 MP: 6/6
  4643 | D:4      | 4643 ||| Stepping ~*~*~tactically~*~*~ (stealth).
  4646 | D:4      | 4646 ||| Stepping ~*~*~tactically~*~*~ (hiding).
  4848 | D:4      | 4848 ||| DROPPING +9 flail of Sunlight {vorpal, rF+ rN+
                  | Int+4}.
  5076 | D:4      | 5076 ||| UPGRADING to +0 cloak.
  5081 | D:4      | 5081 ||| READING scroll labelled XOINURAPAH.
  5146 | D:4      | 5146 ||| DRINKING 2 pink potions.
  5147 | D:4      | 5147 ||| DRINKING 2 metallic silvery potions.
  5147 | D:4      | Gained mutation: You passively map a small area around you.
                  | [potion of mutation]
  5196 | D:5      | Entered Level 5 of the Dungeon
  5215 | D:5      | Reached XP level 7. HP: 42/43 MP: 7/7
  5521 | D:5      | 5521 ||| READING scroll of enchant weapon.
  5521 | D:5      | 5521 ||| ENCHANTING +2 war axe.
  5569 | D:5      | 5569 ||| Stepping ~*~*~tactically~*~*~ (stealth).
  5570 | D:5      | 5570 ||| Stepping ~*~*~tactically~*~*~ (stealth).
  5573 | D:5      | Reached skill level 6 in Axes
  5789 | D:5      | Reached skill level 6 in Shields
  5824 | D:5      | Reached skill level 1 in Dodging
  5924 | D:5      | 5924 ||| Stepping ~*~*~tactically~*~*~ (stealth).
  5926 | D:5      | 5926 ||| Stepping ~*~*~tactically~*~*~ (stealth).
  5931 | D:5      | 5931 ||| Stepping ~*~*~tactically~*~*~ (hiding).
  6026 | D:5      | 6026 ||| Stepping ~*~*~tactically~*~*~ (hiding).
  6197 | D:5      | 6197 ||| READING scroll labelled VUZUAWKASA.
  6226 | D:6      | 6226 ||| Stepping ~*~*~tactically~*~*~ (hiding).
  6250 | D:6      | Reached XP level 8. HP: 38/48 MP: 8/8
  6340 | D:6      | 6340 ||| Stepping ~*~*~tactically~*~*~ (hiding).
  6439 | D:6      | Reached skill level 7 in Axes
  6459 | D:6      | 6459 ||| Stepping ~*~*~tactically~*~*~ (hiding).
  6535 | D:6      | 6535 ||| Stepping ~*~*~tactically~*~*~ (stealth).
  6549 | D:6      | 6549 ||| Stepping ~*~*~tactically~*~*~ (stealth).
  6550 | D:6      | 6550 ||| Stepping ~*~*~tactically~*~*~ (stealth).
  6619 | D:6      | 6619 ||| Stepping ~*~*~tactically~*~*~ (stealth).
  7036 | D:6      | 7036 ||| Stepping ~*~*~tactically~*~*~ (hiding).
  7092 | D:6      | Found a bloodstained altar of Trog.
  7131 | D:6      | 7131 ||| UPGRADING to +0 plate armour.
  7141 | D:6      | 7141 ||| DROPPING +0 chain mail.
  7142 | D:6      | 7142 ||| READING scroll labelled ICOHUA PYLU.
  7183 | D:7      | 7183 ||| STAIRDANCE
  7233 | D:7      | Found a broken altar of Ashenzari.
  7363 | D:7      | 7363 ||| Stepping ~*~*~tactically~*~*~ (stealth).
  7407 | D:7      | Found a staircase to the Ecumenical Temple.
  7408 | D:7      | 7408 ||| PLANNING TEMPLE
  7412 | Temple   | Entered the Ecumenical Temple
  7583 | Temple   | 7583 ||| PLANNING D:1-11
  7631 | D:7      | Reached skill level 1 in Throwing
  7631 | D:7      | Reached XP level 9. HP: 49/54 MP: 9/9
  7766 | D:7      | Noticed Pikel
  7773 | D:7      | 7773 ||| Stepping ~*~*~tactically~*~*~ (stealth).
  7783 | D:7      | Killed Pikel
  7784 | D:7      | Reached skill level 8 in Axes
  7914 | D:7      | 7914 ||| Stepping ~*~*~tactically~*~*~ (hiding).
  8003 | D:7      | 8003 ||| Stepping ~*~*~tactically~*~*~ (hiding).
  8013 | D:7      | 8013 ||| Stepping ~*~*~tactically~*~*~ (hiding).
  8027 | D:7      | Reached skill level 6 in Fighting
  8027 | D:7      | 8027 ||| Stepping ~*~*~tactically~*~*~ (hiding).
  8365 | D:7      | Identified the quicksilver dragon scales of Untold Secrets
                  | {rPois rC- Will+ Regen+ Str+4}
  8514 | D:7      | 8514 ||| Stepping ~*~*~tactically~*~*~ (stealth).
  8514 | D:7      | Found an ancient bone altar of Kikubaaqudgha.
  8515 | D:7      | 8515 ||| Stepping ~*~*~tactically~*~*~ (stealth).
  8586 | D:7      | HP: 9/55 [orc priest/divine providence (11)]
  8591 | D:7      | HP: 4/55 [orc priest/+0 trident (6)]
  8965 | D:7      | Found a hide-covered altar of Uskayaw.
  9084 | D:7      | 9084 ||| Stepping ~*~*~tactically~*~*~ (stealth).
  9094 | D:7      | 9094 ||| Stepping ~*~*~tactically~*~*~ (stealth).
  9147 | D:7      | 9147 ||| Stepping ~*~*~tactically~*~*~ (water).
  9158 | D:7      | 9158 ||| UPGRADING to quicksilver dragon scales of Untold
                  | Secrets {rPois rC- Will+ Regen+ Str+4}.
  9168 | D:7      | 9168 ||| READING scroll labelled BAFFUR QUNIRIA.
  9169 | D:7      | 9169 ||| DRINKING 2 red potions.
  9204 | D:8      | 9204 ||| Stepping ~*~*~tactically~*~*~ (hiding).
  9247 | D:8      | Reached skill level 9 in Axes
  9260 | D:8      | Noticed a two-headed ogre
  9271 | D:8      | Slain by a two-headed ogre

Levels and vault maps discovered:
D:1:      dpeg_arrival_refuge, layout_basic,
          shapermc_ecumenical_altar_mp_ritualfount, serial_co_window_serial,
          co_window_paths_b, co_window_corner_a, co_window_paths_b,
          co_window_paths_a, co_window_corner_a, co_window_paths_a,
          co_window_paths_b, co_window_corner_cb, co_window_of_opportunity_b,
          co_window_corner_ca, co_window_unsneaky_path_b, co_window_cross_4,
          co_window_of_opportunity_b, co_window_paths_d, glass_columns_a,
          glass_columns_b, glass_columns_b, glass_columns_a, glass_columns_a,
          minmay_tree_intersection
D:2:      layout_basic, dreamdust_mushroom_princess
D:3:      layout_basic, grunt_ministairs_13, nicolae_wormholes
D:4:      layout_loops_ring, minmay_crystal_room
D:5:      layout_loops_ring, corexii_hall_statues_u, kennysheep_flooded_box,
          minmay_door_square
D:6:      layout_loops_ring, mainiacjoe_overflow_surrounded_room
D:7:      layout_loops_ring, lemuel_doored_altar, lemuel_tele_altar,
          kennysheep_vampire_church, temple_doors_ab, enter_bailey_4,
          david_defended_altar_orc, uniq_pikel
D:8:      layout_cave_pools, grunt_temple_overflow_open, dpeg_lair_monsters
Temple:   chequers_temple_sunken

Skill      XL: |  1  2  3  4  5  6  7  8  9 |
---------------+----------------------------+-----
Axes           | 2 3 4 5 6 7 9 |  9.0
Shields        | 4 5 6 7 8 |  8.0
Fighting       | 4 5 6 |  6.1
Dodging        | 1 |  1.2
Armour         | 5 |  5.3
Throwing       | 1 |  1.6

Action                   |  1- 3 |  4- 6 |  7- 9 || total
-------------------------+-------+-------+-------++-------
Melee: War axe           |   120 |   141 |   292 ||   553
Throw: Boomerang         |       |       |    32 ||    32
  Use: Scroll            |     6 |     5 |     4 ||    15
       Potion            |     1 |     3 |     1 ||     5
Armor: Scale mail        |    41 |       |       ||    41
       Chain mail        |    17 |    73 |    84 ||   174
       Plate armour      |       |       |   107 ||   107
       Quicksilver drago |       |       |    18 ||    18
Dodge: Dodged            |    50 |    31 |    72 ||   153
Block: Buckler           |    14 |       |       ||    14
       Kite shield       |    19 |    58 |   135 ||   212

Table legend:
 A = Non-vault XP
 B = Vault XP
 C = Vault XP percentage of total XP
 D = Non-vault monster count
 E = Vault monster count
 F = Vault count percentage of total count
                 A         B        C        D         E       F
            +---------+---------+-------+---------+---------+-------
      Total |    3394 |     966 |  22.2 |     154 |      22 |  12.5
            +---------+---------+-------+---------+---------+-------
        D:1 |      55 |       0 |   0.0 |      30 |       0 |   0.0
        D:2 |      22 |       0 |   0.0 |      14 |       0 |   0.0
        D:3 |      89 |      19 |  17.6 |      19 |       5 |  20.8
        D:4 |     429 |       0 |   0.0 |      20 |       0 |   0.0
        D:5 |     525 |      10 |   1.9 |      15 |       2 |  11.8
        D:6 |     964 |       0 |   0.0 |      22 |       0 |   0.0
        D:7 |    1080 |     937 |  46.5 |      27 |      15 |  35.7
        D:8 |     230 |       0 |   0.0 |       7 |       0 |   0.0
            +---------+---------+-------+---------+---------+-------
